 Dungeon Crawl Stone Soup version 0.28-a0-1235-g7c8fac35f0 (webtiles) character file.

Game seed: 8014538604865533145

121 croobank the Chopper (level 4, -2/41 HPs)
             Began as a Minotaur Berserker on Dec 24, 2021.
             Was a Believer of Trog.
             Killed from afar by Ijyb (23 damage)
             ... with a bolt of acid
             ... on level 3 of the Dungeon.
             The game lasted 00:06:44 (2247 turns).

croobank the Chopper (Minotaur Berserker)           Turns: 2247, Time: 00:06:45

Health: -2/41      AC:  0    Str: 24    XL:     4   Next: 77%
Magic:  3/3        EV: 12    Int:  4    God:    Trog [**....]
Gold:   169        SH:  0    Dex:  9    Spells: 3/3 levels left

rFire   . . .      SeeInvis .   a - +2 hand axe
rCold   . . .      Faith    .   (no shield)
rNeg    . . .      Spirit   .   k - +0 leather armour
rPois   .          Reflect  .   (helmet restricted)
rElec   .          Harm     .   (no cloak)
rCorr   .          Rampage  .   (no gloves)
Will    .....                   (no boots)
Stlth   +.........              (no amulet)
HPRegen 0.13/turn               (no ring)
MPRegen 0.08/turn               (no ring)

@: mighty, corroded
A: horns 2, retaliatory headbutt
a: Renounce Religion, Berserk, Trog's Hand


You were on level 3 of the Dungeon.
You worshipped Trog.
Trog was pleased with you.
You visited 1 branch of the dungeon, and saw 3 of its levels.

You collected 169 gold pieces.

Inventory:

Hand Weapons
 a - a +2 hand axe (weapon)
 i - a +0 scimitar
Missiles
 c - 20 sling bullets
 d - 77 stones (quivered)
 f - 14 arrows
 m - 3 throwing nets
 o - 13 bolts
 p - 9 poisoned darts
Armour
 b - a +0 animal skin
 h - a +0 scale mail
 k - a +0 leather armour (worn)
 q - a +0 chain mail
Scrolls
 n - a scroll of teleportation
Potions
 j - a potion of attraction {unknown}
 l - 2 potions of curing {unknown}


   Skills:
 + Level 4.5 Fighting
 + Level 4.5 Axes
 + Level 3.7 Armour
 + Level 3.3 Dodging


You had 3 spell levels left.
You didn't know any spells.
Your spell library contained the following spells:

 Spells                   Type           Power      Damage    Failure   Level
 Magic Dart               Conj           0%         1d3       54%         1
 Corpse Rot               Necr/Air       0%         N/A       67%         2
 Searing Ray              Conj           0%         2d4       67%         2
 Dispel Undead            Necr           0%         3d6       99%         4
 Fulminant Prism          Conj/Hex       0%         3d6       99%         4
 Death Channel            Necr           0%         N/A       100%        6


Dungeon Overview and Level Annotations

Branches:
Dungeon (3/15)

Altars:
Qazlal

Annotations:
D:3 Ijyb


Innate Abilities, Weirdness & Mutations

You have a pair of horns on your head.
You reflexively headbutt those who attack you in melee.


Message History

The goblin moves out of view.
The goblin barely misses you. You furiously retaliate!
You headbutt the goblin!
You kill the goblin!
Trog accepts your kill.
r - a scroll of enchant weapon
As you read the scroll of enchant weapon, it crumbles to dust.
Your +1 hand axe glows red for a moment.
You open the door.
Found a book of Decay.
There is an open door here.
Found a scroll labelled SAETE GUADU.
You see here a book of Decay.
You pick up a book of Decay and begin reading...
You add the spells Corpse Rot, Dispel Undead and Death Channel to your library.
Found 5 gold pieces.
A hobgoblin comes into view.
The hobgoblin shouts!
Ijyb the Twisted Goblin comes into view.
She is wielding a +0 dagger and carrying a wand of acid (5).
Found 13 gold pieces.
Ijyb shouts!
Found a scroll of teleportation.
Ijyb zaps a wand.
The bolt of acid hits you!!
Ouch! That really hurt!
The acid corrodes you!
You see here a scroll labelled SAETE GUADU.
The hobgoblin barely misses you.
You feel very mighty all of a sudden. The hobgoblin hits you.
You feel much better. The hobgoblin hits you.
Ijyb screams, "Level is mine!
All mine!"
You barely miss the hobgoblin. You headbutt the hobgoblin.
You kill the hobgoblin!
Trog accepts your kill.
Ijyb zaps a wand.
The bolt of acid hits you! Ijyb hits you with a +0 dagger.
You hit Ijyb.
Ijyb is moderately wounded.
Ijyb zaps a wand.
The bolt of acid hits you!!
Ouch! That really hurt!
You die...

#.....# #.....# #.....#
##.....# #......# #######
#..$...#
......##########......#
......'.........g..?..#
......##########@#.........
#######........>.#.......^.
#..........#g......?.
#######..........#.........
......#..........#.........
......'..........#......$..
......#..........#.........
......#..........#
#.#####..........#


You could see Ijyb.

Vanquished Creatures
  4 gnolls (D:2)
  3 adders (D:2)
  2 worms (D:2)
  A dart slug (D:3)
  2 orcs (D:3)
  5 endoplasms
  8 goblins
  2 hobgoblins
  3 jackals (D:1)
  3 kobolds
  A ball python (D:1)
  5 bats
  5 frilled lizards
  5 rats
49 creatures vanquished.

Notes
Turn   | Place    | Note
-------+----------+-------------------------------------------
     0 | D:1      | croobank the Minotaur Berserker began the quest for the
                  | Orb.
     0 | D:1      | Reached XP level 1. HP: 19/19 MP: 0/0
   436 | D:1      | Reached XP level 2. HP: 25/27 MP: 1/1
   957 | D:2      | Found a stormy altar of Qazlal.
  1017 | D:2      | Reached XP level 3. HP: 22/33 MP: 2/2
  1020 | D:2      | Reached ** piety under Trog
  1026 | D:2      | Reached XP level 4. HP: 9/40 MP: 3/3
  2236 | D:3      | Noticed Ijyb
  2247 | D:3      | Killed from afar by Ijyb

Illustrated notes

Levels and vault maps discovered:
D:1:      roderic_chinese_lattice_arrival, layout_loops_ring
D:2:      layout_loops_cross, basic_altar, nicolae_figureground_pulse
D:3:      layout_basic, minitemple, uniq_ijyb, uniq_robin

Skill      XL: |  1  2  3 |
---------------+----------+-----
Fighting       | 4 |  4.5
Axes           | 4 |  4.5
Armour         | 3 |  3.7
Dodging        | 3 |  3.3

Action                   |  1- 3 |  4- 6 || total
-------------------------+-------+-------++-------
Melee: Hand axe          |    50 |    39 ||    89
       Headbutt          |     9 |     8 ||    17
Throw: Stone             |       |    12 ||    12
  Use: Scroll            |     3 |     1 ||     4
       Potion            |     1 |     3 ||     4
Armor: Animal skin       |     3 |       ||     3
       Leather armour    |     3 |    11 ||    14
Dodge: Dodged            |    38 |    27 ||    65

Table legend: (Time is in decaauts)
 A = Elapsed time spent in this place.
 B = Non-inter-level travel time spent in this place.
 C = Inter-level travel time spent in this place.
 D = Time resting spent in this place.
 E = Time spent auto-exploring this place.
 F = Levels seen in this place.
 G = Mean time per level.
                   A        B        C        D        E       F      G
               +--------+--------+--------+--------+--------+-----+--------+
         Total |   2256 |   2202 |     54 |    481 |   1264 |   3 |  752.0 |
       Dungeon |   2256 |   2202 |     54 |    481 |   1264 |   3 |  752.0 |
               +--------+--------+--------+--------+--------+-----+--------+

Top non-repeatable levels by time:
     D:2: 1260 daAuts
     D:1: 844 daAuts
     D:3: 150 daAuts
